 Dungeon Crawl Stone Soup version 0.29.1-1-gd02db6906a (webtiles) character file.

Game seed: 14579627920239077278

1321 Sanktem7 the Fighter (level 8, 0/69 (75) HPs)
             Began as a Minotaur Berserker on Sept 26, 2022.
             Was a Priest of Trog.
             Slain by a wight
             ... wielding a +0 great sword
              (4 damage)
             ... on level 6 of the Dungeon.
             The game lasted 00:14:29 (5389 turns).

Sanktem7 the Fighter (Minotaur Berserker)           Turns: 5389, Time: 00:14:30

HP:   0/69 (75)     AC: 18    Str: 28    XL:     8   Next: 33%
MP:   7/7           EV:  9    Int:  3    God:    Trog [***...]
Gold: 112           SH:  0    Dex:  9    Spells: 7/7 levels left

rFire   . . .      SeeInvis +   e - +1 war axe (freeze) {axe}
rCold   . . .      Faith    .   (no shield)
rNeg    . . .      Spirit   .   w - +2 chain mail {rPois}
rPois   +          Reflect  .   (helmet restricted)
rElec   .          Harm     .   f - +2 cloak {Stlth+}
rCorr   .          Rampage  .   o - +2 pair of gloves
Will    .....                   (no boots)
Stlth   ..........              (no amulet)
HPRegen 0.21/turn               i - ring of see invisible
MPRegen 0.10/turn               (no ring)

@: drained
A: horns 2, retaliatory headbutt, strong 1, MP-powered wands
a: Renounce Religion, Berserk, Trog's Hand


You were on level 6 of the Dungeon.
You worshipped Trog.
Trog was most pleased with you.
You visited 1 branch of the dungeon, and saw 6 of its levels.

You collected 363 gold pieces.
You spent 251 gold pieces at shops.


Innate Abilities, Weirdness & Mutations

You have a pair of horns on your head.
You reflexively headbutt those who attack you in melee.
Your muscles are strong. (Str +4, Int/Dex -1)
You expend magic power (3 MP) to strengthen your wands.


   Skills:
 * Level 8.6 Fighting
 * Level 8.5 Axes
 + Level 2.9 Throwing
 - Level 4.4 Armour
 - Level 2.1 Dodging


You had 7 spell levels left.
You didn't know any spells.
Your spell library contained the following spells:

 Spells                   Type           Power      Damage    Failure   Level
 Beastly Appendage        Tmut           0%         N/A       97%         1
 Foxfire                  Conj/Fire      0%         2x1d4     97%         1
 Ensorcelled Hibernation  Hex/Ice        0%         N/A       99%         2
 Passwall                 Tmut/Erth      0%         N/A       99%         2
 Wereblood                Tmut           0%         N/A       99%         2
 Conjure Flame            Conj/Fire      0%         6-21      100%        3
 Inner Flame              Hex/Fire       0%         N/A       100%        3
 Spider Form              Tmut/Pois      0%         N/A       100%        3
 Swiftness                Air            0%         N/A       100%        3
 Flame Wave               Conj/Fire      0%         2d4       100%        4
 Summon Forest            Summ/Tloc      0%         N/A       100%        5
 Summon Mana Viper        Hex/Summ       0%         N/A       100%        5
 Summon Cactus Giant      Summ           0%         N/A       100%        6

Inventory:

Hand Weapons
 a - a +0 hand axe {axe}
 e - a +1 war axe of freezing (weapon) {axe}
   (You took it off an orc on level 5 of the Dungeon)
Missiles
 c - 15 poisoned darts (quivered) {throwing}
 q - 6 silver boomerangs {throwing}
 v - a boomerang {throwing}
 z - 5 atropa-tipped darts {throwing}
Armour
 b - a scarf of harm
   (You found it on level 4 of the Dungeon)
 f - a +2 cloak of stealth (worn)
   (You found it on level 4 of the Dungeon)
 l - a +0 robe
   (You took it off a gnoll bouda on level 6 of the Dungeon)
 o - a +2 pair of gloves (worn)
   (You found it on level 2 of the Dungeon)
 w - a +2 chain mail of poison resistance (worn)
   (You found it on level 3 of the Dungeon)
Jewellery
 i - a ring of see invisible (left hand)
   (You took it off a goblin on level 2 of the Dungeon)
Wands
 j - a wand of acid (7)
   (You found it on level 5 of the Dungeon)
 t - a wand of polymorph (11)
   (You found it on level 2 of the Dungeon)
Scrolls
 k - a scroll of torment {!r}
 m - 3 scrolls of teleportation {@r4}
 p - 2 scrolls of poison {!r}
 r - 3 scrolls of amnesia
 u - a scroll of magic mapping {!r}
 x - a scroll of immolation {unknown}
Potions
 d - 2 potions of curing {@q1}
 g - 3 potions of mutation {!q}
 h - a potion of heal wounds {@q2}
 n - 3 potions of lignification {!q}
 s - 2 potions of attraction {!q}

Dungeon Overview and Level Annotations

Branches:
Dungeon (6/15) Zot: 26476
 Temple: D:4-7

Altars:
Ashenzari
Elyvilon
Okawaru
Trog
Uskayaw
Wu Jian

Shops:
D:5

?[!* .# ..# .. ##... ..#
...... .... ......
.#..## #......
......##z..# #...@z#
###..## #.... .. #..#
#...#...... #..#
#...#...... #..#
#...#...... ####..#
#.......... ..#.....##
##..........
.........####...........
......#.................


You could see 2 wights.


Message History

The jelly quivers.
A jelly is nearby!
The jelly hits you but does no damage.
You slash the jelly! You freeze the jelly. The acid corrodes you!
Your hands burn!
You headbutt the jelly.
You kill the jelly!
Trog accepts your kill. 😕 HP[-3]
You take 3 damage, and now have 72/75 hp.
No target in view!
No target in view!
No target in view!
No target in view!
No target in view!
No target in view!
No target in view!
No target in view!
No target in view!
No target in view!
No target in view!
No target in view!
No target in view!
No target in view!
No target in view!
No target in view!
No target in view!
No target in view!
No target in view!
No target in view!
You are no longer corroded.
You now have 112 gold pieces (gained 12).
s - 2 potions of attraction {!q} (gained 1)
A wight comes into view. It is wielding a +0 battleaxe.
The wight moves out of view. 😎 HP[+3]
Your hp is fully restored (75).
No target in view!
No target in view!
No target in view!
No target in view!
No target in view!
No target in view!
No target in view!
No target in view!
No target in view!
No target in view! 2 wights come into view.
The wight barely misses you.
You barely miss the wight.
The wight hits you with a +0 battleaxe. 😕 HP[-5]
You take 5 damage, and now have 70/75 hp.
You completely miss the wight. You headbutt the wight.
You barely miss the wight. Your headbutt misses the wight.
The wight hits you with a +0 battleaxe! 😕 HP[-8]
You take 8 damage, and now have 62/75 hp.
You hit the wight. You barely miss the wight.
The wight hits you with a +2 long sword.
The wight barely misses you.
You barely miss the wight. Your headbutt misses the wight. You slash the wight!
You freeze the wight.
You destroy the wight!
Trog accepts your kill. The wight hits you with a +0 battleaxe!
You feel drained.
Your life force feels restored. 😮 HP[-23]
You take 23 damage, and now have 39/75 hp.
MASSIVE DAMAGE!! (PAUSE)
You barely miss the wight. Your headbutt misses the wight.
You hit the wight but do no damage. The wight hits you with a +0 battleaxe.
* * * LOW HITPOINT WARNING * * *
The wight hits you but does no damage. 😨 HP[-3]
You take 3 damage, and now have 36/75 hp.
You hit the wight. Your headbutt misses the wight. You barely miss the wight.
The wight closely misses you. The wight hits you but does no damage.
You closely miss the wight. You slash the wight!
The wight hits you with a +0 battleaxe.
* * * LOW HITPOINT WARNING * * *
The wight hits you but does no damage. 😨 HP[-3]
You take 3 damage, and now have 33/75 hp.
You closely miss the wight. You headbutt the wight.
You hit the wight but do no damage. The wight hits you but does no damage.
The wight hits you with a +0 great sword.
* * * LOW HITPOINT WARNING * * *
You feel drained.
* * * LOW HITPOINT WARNING * * *
😨 HP[-9]
You now have 73 max hp (-2).
You take 9 damage, and now have 24/73 hp.
You closely miss the wight. x2; The wight hits you with a +0 battleaxe!
* * * LOW HITPOINT WARNING * * *
You feel drained.
* * * LOW HITPOINT WARNING * * *
The wight hits you with a +0 great sword!
* * * LOW HITPOINT WARNING * * *
You feel drained.
You die...

Skill      XL: |  1  2  3  4  5  6  7  8 |
---------------+-------------------------+-----
Fighting       | 4 5 6 8 |  8.6
Axes           | 4 5 6 7 8 |  8.5
Armour         | 3 4 |  4.4
Throwing       | 2 |  2.9
Dodging        | |  2.1

Action                   |  1- 3 |  4- 6 |  7- 9 || total
-------------------------+-------+-------+-------++-------
Melee: Hand axe          |   108 |   193 |       ||   301
       Headbutt          |    11 |    26 |    22 ||    59
       Punch             |     1 |     2 |       ||     3
       War axe           |       |     5 |    69 ||    74
  Use: Scroll            |       |     8 |     3 ||    11
       Potion            |       |     8 |       ||     8
 Stab: Sleeping          |     1 |       |       ||     1
Armor: Animal skin       |    31 |       |       ||    31
       Leather armour    |     5 |     4 |       ||     9
       Scale mail        |       |    21 |       ||    21
       Chain mail        |       |   147 |    66 ||   213
Dodge: Dodged            |    73 |   124 |    63 ||   260

Levels and vault maps discovered:
D:1:      dpeg_arrival_solitude, layout_basic,
          dreamdust_ecumenical_altar_statues, minmay_quantized
D:2:      minmay_angry_zag, layout_basic, minmay_surrounded, uniq_jessica,
          uniq_terence
D:3:      layout_basic, gammafunk_temple_overflow_wave,
          mainiacjoe_overflow_catch_the_wave
D:4:      layout_basic, okawaru_metal_pillars_1_2, serial_demonic,
          serial_demonic_g, serial_demonic_b, serial_demonic_g,
          serial_demonic_d, serial_demonic_d, serial_demonic_d,
          serial_demonic_e, serial_demonic_a
D:5:      layout_basic, mainiacjoe_overflow_chevrons, serial_shops,
          kennysheep_mini_moat, nicolae_lakefront_shop, nicolae_shop_crystal,
          shop_coins, kennysheep_cross_room, dreamdust_wishing_well
D:6:      layout_layer_cave, mainiacjoe_overflow_concentric_impassable,
          temple_hall

Notes
Turn   | Place    | Note
-------+----------+-------------------------------------------
     0 | D:1      | Sanktem7 the Minotaur Berserker began the quest for the
                  | Orb.
     0 | D:1      | Reached XP level 1. HP: 19/19 MP: 0/0
     0 | D:1      | magus.rc [v1.9.6]
   182 | D:1      | Found a faded altar of an unknown god.
   211 | D:1      | Reached XP level 2. HP: 17/27 MP: 1/1
   389 | D:1      | Reached skill level 4 in Fighting
   390 | D:1      | Reached skill level 4 in Axes
   981 | D:1      | Reached XP level 3. HP: 28/33 MP: 2/2
  1049 | D:1      | Reached skill level 3 in Armour
  1215 | D:2      | Reached ** piety under Trog
  1409 | D:2      | Noticed Jessica
  1417 | D:2      | Killed Jessica
  1507 | D:2      | Noticed Terence
  1521 | D:2      | Killed Terence
  1522 | D:2      | Reached XP level 4. HP: 37/41 MP: 3/3
  1673 | D:2      | Reached skill level 5 in Fighting
  1676 | D:2      | Reached skill level 5 in Axes
  2107 | D:2      | Reached XP level 5. HP: 48/48 MP: 4/4
  2284 | D:2      | You pick up a book of Changes {forbidden} and begin
                  | reading...
  2284 | D:2      | You add the spells Beastly Appendage, Wereblood and Spider
                  | Form to your library.
  2456 | D:3      | Found an ornate altar of the Wu Jian Council.
  2456 | D:3      | Found a hide-covered altar of Uskayaw.
  2499 | D:3      | Found a bloodstained altar of Trog.
  2586 | D:3      | Found a white marble altar of Elyvilon.
  2922 | D:4      | Reached *** piety under Trog
  2923 | D:4      | Reached skill level 4 in Armour
  3055 | D:4      | Reached XP level 6. HP: 56/57 MP: 5/5
  3071 | D:4      | You pick up a book of Flames {forbidden} and begin
                  | reading...
  3071 | D:4      | You add the spells Foxfire, Conjure Flame, Inner Flame and
                  | Flame Wave to your library.
  3366 | D:4      | Reached skill level 6 in Fighting
  3476 | D:4      | Reached skill level 6 in Axes
  3514 | D:4      | HP: 14/57 [shadow imp/nerve-wracking pain (10)]
  3518 | D:4      | HP: 4/57 [white imp/puff of frost (11)]
  3862 | D:4      | Found an iron altar of Okawaru.
  3980 | D:4      | Gained mutation: Your muscles are strong. (Str +4, Int/Dex
                  | -1) [potion of mutation]
  3980 | D:4      | Gained mutation: You expend magic power (3 MP) to
                  | strengthen your wands. [potion of mutation]
  4037 | D:5      | Entered Level 5 of the Dungeon
  4120 | D:5      | Found Dotagrus's Assorted Antiques.
  4136 | D:5      | Found Joel's Distillery.
  4147 | D:5      | Bought a potion of heal wounds for 65 gold pieces
  4189 | D:5      | Reached XP level 7. HP: 60/64 MP: 6/6
  4226 | D:5      | Reached skill level 1 in Throwing
  4226 | D:5      | Found Domaele's Antique Armour Shop.
  4283 | D:5      | Noticed a wyvern
  4293 | D:5      | Reached skill level 7 in Fighting
  4293 | D:5      | Reached skill level 7 in Axes
  4293 | D:5      | Killed a wyvern
  4511 | D:5      | Reached skill level 2 in Throwing
  4557 | D:5      | Found a broken altar of Ashenzari.
  4617 | D:5      | You pick up a book of the Wilderness {forbidden} and begin
                  | reading...
  4617 | D:5      | You add the spells Summon Forest, Summon Mana Viper and
                  | Summon Cactus Giant to your library.
  4693 | D:5      | Reached skill level 8 in Fighting
  4693 | D:5      | Reached XP level 8. HP: 72/74 MP: 7/7
  4779 | D:5      | Found Losecipp's Magic Scroll Boutique.
  4782 | D:5      | You pick up a book of Burglary {forbidden} and begin
                  | reading...
  4782 | D:5      | You add the spells Passwall, Ensorcelled Hibernation and
                  | Swiftness to your library.
  4799 | D:5      | Bought a scroll of brand weapon for 104 gold pieces
  4799 | D:5      | Bought a scroll of enchant weapon for 82 gold pieces
  4839 | D:5      | Reached skill level 8 in Axes
  5389 | D:6      | HP: 16/73 [wight/+0 battleaxe (9)]
  5389 | D:6      | HP: 4/71 [wight/+0 great sword (10)]
  5389 | D:6      | Slain by a wight

Vanquished Creatures
  A wyvern (D:5)
  An ogre (D:5)
  A black bear (D:5)
  2 centaurs (D:5)
  A bullfrog (D:6)
  A scorpion (D:5)
  A wight (D:6)
  2 hounds
  2 quasits (D:4)
  2 jellies
  A gnoll bouda (D:6)
  Jessica (D:2)
  Terence (D:2)
  2 iguanas (D:5)
  9 gnolls
  10 adders
  5 shadow imps
  2 white imps (D:4)
  4 ufetubi (D:4)
  4 worms (D:2)
  3 dart slugs
  9 orcs
  8 ball pythons
  10 bats
  6 endoplasms
  4 giant cockroaches (D:1)
  4 goblins (D:2)
  4 hobgoblins
  2 jackals (D:5)
  4 kobolds
  7 quokkas
  5 frilled lizards
  6 rats
125 creatures vanquished.

Vanquished Creatures (others)
  2 demonic plants (D:4)
  16 fungi (D:5)
18 creatures vanquished.

Grand Total: 143 creatures vanquished

Table legend:
 A = Non-vault XP
 B = Vault XP
 C = Vault XP percentage of total XP
 D = Non-vault monster count
 E = Vault monster count
 F = Vault count percentage of total count
                 A         B        C        D         E       F
            +---------+---------+-------+---------+---------+-------
      Total |    1579 |     309 |  16.4 |      98 |      27 |  21.6
            +---------+---------+-------+---------+---------+-------
        D:1 |      43 |       3 |   6.5 |      27 |       3 |  10.0
        D:2 |      44 |     118 |  72.8 |      15 |      12 |  44.4
        D:3 |      97 |       0 |   0.0 |      14 |       0 |   0.0
        D:4 |      30 |     188 |  86.2 |      12 |      12 |  50.0
        D:5 |    1062 |       0 |   0.0 |      24 |       0 |   0.0
        D:6 |     303 |       0 |   0.0 |       6 |       0 |   0.0
            +---------+---------+-------+---------+---------+-------

Illustrated notes

Table legend:
 A = Kills in this place as a percentage of kills in entire the game.
 B = Kills by you in this place as a percentage of kills by you in the entire game.
 C = Kills by friends in this place as a percentage of kills by friends in the entire game.
 D = Other kills in this place as a percentage of other kills in the entire game.
 E = Experience gained in this place as a percentage of experience gained in the entire game.
 F = Experience gained in this place divided by the number of levels of this place that you have seen.
                   A       B       C       D       E      F
               +-------+-------+-------+-------+-------+----------------------
         Total | 100.0 | 100.0 |   N/A |   N/A | 100.0 | 314.7
       Dungeon | 100.0 | 100.0 |   N/A |   N/A | 100.0 | 314.7
               +-------+-------+-------+-------+-------+----------------------

Table legend: (Time is in decaauts)
 A = Elapsed time spent in this place.
 B = Non-inter-level travel time spent in this place.
 C = Inter-level travel time spent in this place.
 D = Time resting spent in this place.
 E = Time spent auto-exploring this place.
 F = Levels seen in this place.
 G = Mean time per level.
                   A        B        C        D        E       F      G
               +--------+--------+--------+--------+--------+-----+--------+
         Total |   5411 |   5341 |     70 |      0 |   4437 |   6 |  901.8 |
       Dungeon |   5411 |   5341 |     70 |      0 |   4437 |   6 |  901.8 |
               +--------+--------+--------+--------+--------+-----+--------+

Top non-repeatable levels by time:
     D:1: 1187 daAuts
     D:2: 1178 daAuts
     D:4: 1142 daAuts
     D:5: 850 daAuts
     D:3: 541 daAuts
     D:6: 510 daAuts
